 Dungeon Crawl Stone Soup version 0.24-a0-631-g346d576 (webtiles) character file.

Game seed: 17962656765915164957, levelgen mode: deterministic

1 Charmandara the Vexing (level 1, 0/16 HPs)
             Began as a Human Wanderer on Sept 21, 2019.
             Slain by a hobgoblin
             ... wielding a +0 club
              (1 damage)
             ... on level 1 of the Dungeon.
             The game lasted 00:00:59 (20 turns).

Charmandara the Vexing (Human Wanderer)               Turns: 20, Time: 00:01:00

Health: 0/16       AC:  2    Str: 14    XL:     1   Next: 22%
Magic:  1/1        EV: 11    Int: 11    God:
Gold:   0          SH:  0    Dex: 11    Spells: 0/0 levels left

rFire    . . .     SeeInvis .   a - +0 mace
rCold    . . .     Gourm    .   (no shield)
rNeg     . . .     Faith    .   c - +0 robe
rPois    .         Spirit   .   (no helmet)
rElec    .         Reflect  .   (no cloak)
rCorr    .         Harm     .   (no gloves)
MR       .....                  (no boots)
Stlth    +.........             (no amulet)
HPRegen  0.05/turn              (no ring)
MPRegen  0.07/turn              (no ring)

@: no status effects
A: no striking features
a: no special abilities


You were on level 1 of the Dungeon.
You were not hungry.

You visited 1 branch of the dungeon, and saw 1 of its levels.

Inventory:

Hand Weapons
 a - a +0 mace (weapon)
Armour
 c - a +0 robe (worn)
Scrolls
 b - a scroll of magic mapping {unknown}
Comestibles
 d - a ration


   Skills:
 - Level 2.0 Fighting
 + Level 2.1 Maces & Flails
 - Level 1.0 Throwing
 - Level 1.0 Armour
   Level 1.0 Shields
 - Level 3.0 Hexes


You couldn't memorise any spells.
You knew the following spells:

 Your Spells              Type           Power        Failure   Level  Hunger
v - Corona                Hex            #......      11%         1    ##.....

Your spell library contained the following spells:

 Spells                   Type           Power        Failure   Level  Hunger
 Ensorcelled Hibernation  Hex/Ice        #.....       28%         2    ###....
 Confuse                  Hex            #.......     30%         3    ####...
 Tukima's Dance           Hex            #.......     30%         3    ####...
 Dazzling Spray           Conj/Hex       #.....       50%         3    ####...


Dungeon Overview and Level Annotations

Branches:
Dungeon (1/15)

Altars:


Message History

Welcome, Charmandara the Human Wanderer.
The bosom of this dungeon contains the fabled artefact, the Orb of Zot.
Found a scroll labeled XIUTSU BIFONUR and 25 arrows.
Found a staircase leading out of the dungeon.
You begin with the following items: a +0 mace, a +0 robe, a ration; and the following spell memorised: Corona; and the following spells available to memorise: Ensorcelled Hibernation, Confuse, Tukima's Dance, Dazzling Spray.
b - a scroll labeled XIUTSU BIFONUR You hit the toadstool but do no damage.
You thump the toadstool!
You destroy the toadstool!
You hit the toadstool.
You destroy the toadstool!
Quiver which item? (- for none, * to show all) (? for menu, Esc to quit)
Okay, then.
A bat comes into view.
A hobgoblin comes into view. It is wielding a +0 club.
The hobgoblin shouts!
A hobgoblin comes into view. It is wielding a +0 club.
You closely miss the bat.
The hobgoblin shouts!
The bat closely misses you. The bat barely misses you.
You closely miss the bat. The bat closely misses you.
The bat barely misses you.
You hit the hobgoblin but do no damage. The hobgoblin barely misses you.
The bat hits you but does no damage. The hobgoblin hits you with a +0 club.
You take 3 damage, and have 13/16 hp.
You hit the hobgoblin but do no damage. The bat hits you.
You take 1 damage, and have 12/16 hp.
You hit the hobgoblin. The bat completely misses you.
The hobgoblin closely misses you.
The hobgoblin hits you but does no damage.
You closely miss the hobgoblin. The bat hits you but does no damage.
The hobgoblin hits you with a +0 club. The hobgoblin closely misses you.
You take 3 damage, and have 9/16 hp.
You thump the hobgoblin!
You kill the hobgoblin!
The bat hits you but does no damage. x2; The bat misses you.
The hobgoblin closely misses you.
You barely miss the hobgoblin. The bat hits you but does no damage.
The hobgoblin hits you with a +0 club!
Ouch! That really hurt!
* * * LOW HITPOINT WARNING * * *
You take 8 damage, and have 1/16 hp.
MASSIVE DAMAGE!!
You hit the hobgoblin. The bat misses you. The hobgoblin barely misses you.
The hobgoblin hits you with a +0 club.
You die...

##...#####....
###..≈......(≈. #
...≈♣≈.....≈♣≈.
#≈♣⌠♣≈≈≈≈≈♣⌠♣
##.≈♣.......♣≈.. #
#...≈...<...≈... #..
#..≈........♣≈..
.....##.b.⌠P≈≈≈≈≈♣⌠♣
..?...g@#≈P≈.....≈♣≈.
......)###≈..###..≈.
# ....... ##.## #....
.#.(... #.# .....
#..... #.# .....
#..... #.# #.....
#.....


You could see a hobgoblin and a bat.

Vanquished Creatures
  A hobgoblin (D:1)
  2 toadstools (D:1)
3 creatures vanquished.

Notes
Turn   | Place    | Note
-------+----------+-------------------------------------------
     0 | D:1      | Charmandara the Human Wanderer began the quest for the Orb.
     0 | D:1      | Charmandara set off with the following items: a +0 mace, a
                  | +0 robe, a ration; and the following spell memorised:
                  | Corona; and the following spells available to memorise:
                  | Ensorcelled Hibernation, Confuse, Tukima's Dance, Dazzling
                  | Spray
     0 | D:1      | Reached XP level 1. HP: 16/16 MP: 1/1
    19 | D:1      | HP: 1/16 [hobgoblin/+0 club (8)]
    20 | D:1      | Slain by a hobgoblin

Levels and vault maps discovered:
D:1:      ldierk_water_garden, layout_basic

Action                   || total
-------------------------++-------
Melee: Mace              ||    12
Armor: Robe              ||     6
Dodge: Dodged            ||    12

Table legend:
 A = Non-vault XP
 B = Vault XP
 C = Vault XP percentage of total XP
 D = Non-vault monster count
 E = Vault monster count
 F = Vault count percentage of total count
                 A         B        C        D         E       F
            +---------+---------+-------+---------+---------+-------
      Total |       2 |       0 |   0.0 |       1 |       0 |   0.0
            +---------+---------+-------+---------+---------+-------
        D:1 |       2 |       0 |   0.0 |       1 |       0 |   0.0
            +---------+---------+-------+---------+---------+-------

Levels and vault maps discovered:
D:1:      ldierk_water_garden, layout_basic

Table legend:
 A = Turns spent in this place as a percentage of turns spent in the entire game.
 B = Non-inter-level travel turns spent in this place as a percentage of non-inter-level travel turns spent in the entire game.
 C = Inter-level travel turns spent in this place as a percentage of turns spent in this place.
 D = Turns resting spent in this place as a percentage of non-inter-level travel turns spent in this place.
 E = Turns spent auto-exploring this place as a percentage of non-inter-level travel turns spent in this place.
 F = Non-inter-level travel turns spent in this place divided by the number of levels of this place that you've seen.
                   A       B       C       D       E      F
               +-------+-------+-------+-------+-------+----------------------
         Total | 100.0 | 100.0 |   0.0 |   0.0 |   0.0 |  20.0
       Dungeon | 100.0 | 100.0 |   0.0 |   0.0 |   0.0 |  20.0
               +-------+-------+-------+-------+-------+----------------------

Table legend:
 A = Kills in this place as a percentage of kills in entire the game.
 B = Kills by you in this place as a percentage of kills by you in the entire game.
 C = Kills by friends in this place as a percentage of kills by friends in the entire game.
 D = Other kills in this place as a percentage of other kills in the entire game.
 E = Experience gained in this place as a percentage of experience gained in the entire game.
 F = Experience gained in this place divided by the number of levels of this place that you have seen.
                   A       B       C       D       E      F
               +-------+-------+-------+-------+-------+----------------------
         Total | 100.0 | 100.0 |   N/A |   N/A | 100.0 |   2.0
       Dungeon | 100.0 | 100.0 |   N/A |   N/A | 100.0 |   2.0
               +-------+-------+-------+-------+-------+----------------------
